 Dungeon Crawl Stone Soup version 0.30-a0-989-g0d87f670db (webtiles) character file.

Game seed: 9998383786437125842

717 jtron the Trooper (level 7, -7/76 HPs)
             Began as an Ogre Monk on Apr 3, 2023.
             Was a Believer of Fedhas.
             Mangled by an ogre
             ... wielding a +0 giant club
              (26 damage)
             ... on level 5 of the Dungeon.
             The game lasted 00:08:44 (3583 turns).

jtron the Trooper (Ogre Monk)                       Turns: 3583, Time: 00:08:44

Health: -7/76      AC:  6    Str: 16    XL:     7   Next: 70%
Magic:  7/7        EV: 11    Int: 11    God:    Fedhas [**....]
Gold:   241        SH:  5    Dex: 13    Spells: 6/6 levels left

rFire   . . .      SeeInvis +    a - +2 falchion (elec)
rCold   . . .      Faith    .    (no shield)
rNeg    . . .      Spirit   .    A - +1 robe
rPois   +          Reflect  +    (helmet restricted)
rElec   .          Rampage  .    C - +1 cloak
rCorr   .                        (gloves unavailable)
Will    .....                    (boots unavailable)
Stlth   ++                       D - amulet of reflection
HPRegen 0.32/turn                s - ring of see invisible
MPRegen 0.10/turn                p - ring of poison resistance

@: no status effects
A: large, unfitting armour, tough skin 1
a: Renounce Religion, Wall of Briars


You were on level 5 of the Dungeon.
You worshipped Fedhas.
Fedhas was pleased with you.
You visited 1 branch of the dungeon, and saw 5 of its levels.

You collected 241 gold pieces.

Inventory:

Hand Weapons
 a - a +2 falchion of electrocution (weapon)
 b - a +0 sling
 n - a +0 spear
Missiles
 f - 29 stones
 l - 2 poisoned darts (quivered)
 r - a throwing net
Armour
 A - a +1 robe (worn)
 C - a +1 cloak (worn)
Jewellery
 p - a ring of poison resistance (right hand)
 s - a ring of see invisible (left hand)
 D - an amulet of reflection (around neck)
Scrolls
 h - 3 scrolls of teleportation
 m - a scroll of torment {unknown}
 o - 2 scrolls of poison {unknown}
 q - a scroll of acquirement {unknown}
 u - a scroll of amnesia {unknown}
 y - a scroll of fog {unknown}
 B - a scroll of magic mapping {unknown}
Potions
 c - a potion of ambrosia
 d - a potion of heal wounds
 e - 2 potions of haste {unknown}
 g - a potion of invisibility {unknown}
 i - 3 potions of lignification
 j - 2 potions of brilliance {unknown}
 k - 6 potions of curing
 t - a potion of flight {unknown}
 v - a potion of attraction {unknown}
 w - a potion of resistance {unknown}
 x - a potion of might {unknown}
 z - a potion of cancellation {unknown}


   Skills:
 + Level 6.4 Fighting
 * Level 3.9 Long Blades
 - Level 3.4 Polearms
 + Level 1.9 Ranged Weapons
 + Level 2.0 Throwing
 + Level 3.8 Dodging
 + Level 2.0 Stealth
 + Level 0.3 Invocations


You had 6 spell levels left.
You didn't know any spells.
Your spell library was empty.

Dungeon Overview and Level Annotations

Branches:
Dungeon (5/15)
 Temple: D:4-7

Altars:
Fedhas
Qazlal
Ru
Uskayaw


Innate Abilities, Weirdness & Mutations

You are too large for most types of armour.
You have tough skin. (AC +1)


Message History

The ogre looks more healthy.
You hit the ogre but do no damage.
The ogre is moderately wounded.
The ogre barely misses you.
You hit the ogre.
The ogre is heavily wounded.
The ogre hits you with a +0 giant club!
Throw: 3 darts (poison)
Press: ? - help, Q - select action, (/) - cycle Shift-Dir - straight line, f/p - ogre
Aim: an ogre, wielding a +0 giant club (heavily wounded, 76% to hit)
You throw a poisoned dart.
The poisoned dart completely misses the ogre.
The ogre barely misses you.
You hit the ogre.
The ogre is heavily wounded.
You barely miss the ogre.
The ogre is heavily wounded.
The ogre hits you with a +0 giant club!
You hit the ogre.
The ogre is heavily wounded.
The ogre closely misses you.
You hit the ogre.
The ogre is severely wounded.
The ogre barely misses you.
You hit the ogre.
The ogre is severely wounded.
You barely miss the ogre.
The ogre is severely wounded.
The ogre hits you with a +0 giant club.
You barely miss the ogre.
The ogre is severely wounded.
The ogre hits you with a +0 giant club!!
* * * LOW HITPOINT WARNING * * *
You barely miss the ogre.
The ogre is severely wounded.
You hit the ogre.
The ogre is almost dead.
The ogre hits you with a +0 giant club!!
You die...
Fedhas appreciates your contribution to the ecosystem.

##############.
...............
.......†.......
..........†#.##
##########.#.#
####...# #(####
##....###
#..((.##
##..##.# #O@#
#..###.# ##.##
##.## #.#
######..####..#
#.#
#.......>....##
#.#
#.############
#.# #.#


You could see an ogre.

Vanquished Creatures
  Prince Ribbit (D:5)
  2 scorpions (D:4)
  3 hounds
  A gnoll bouda (D:4)
  Jessica (D:3)
  An iguana (D:5)
  4 gnolls
  3 adders
  A worm (D:3)
  2 dart slugs
  2 orcs
  5 ball pythons
  8 bats
  7 endoplasms
  A giant cockroach (D:3)
  4 goblins
  4 hobgoblins
  4 quokkas
  2 frilled lizards
  3 kobolds
  4 rats
63 creatures vanquished.

Vanquished Creatures (collateral kills)
  A black bear (D:4)
  Crazy Yiuf (D:4)
  A gnoll (D:4)
3 creatures vanquished.

Grand Total: 66 creatures vanquished

Notes
Turn   | Place    | Note
-------+----------+-------------------------------------------
     0 | D:1      | jtron the Ogre Monk began the quest for the Orb.
     0 | D:1      | Reached XP level 1. HP: 24/24 MP: 1/1
   171 | D:1      | Reached XP level 2. HP: 29/32 MP: 2/2
   580 | D:1      | Reached XP level 3. HP: 40/40 MP: 3/3
   607 | D:1      | You fall into a shaft and drop 1 floor!
  1482 | D:3      | Found a hide-covered altar of Uskayaw.
  1616 | D:3      | Found a blossoming altar of Fedhas.
  1629 | D:3      | Reached skill level 1 in Long Blades
  1630 | D:3      | Became a worshipper of Fedhas Madash
  1630 | D:3      | Reached * piety under Fedhas
  1630 | D:3      | Reached ** piety under Fedhas
  1657 | D:3      | Reached XP level 4. HP: 48/49 MP: 4/4
  1750 | D:3      | Reached skill level 5 in Fighting
  2090 | D:3      | Found a sacrificial altar of Ru.
  2264 | D:3      | Noticed Jessica
  2271 | D:3      | Killed Jessica
  2272 | D:3      | Reached skill level 1 in Ranged Weapons
  2272 | D:3      | Reached XP level 5. HP: 42/57 MP: 5/5
  2518 | D:4      | Reached XP level 6. HP: 62/66 MP: 6/6
  2728 | D:4      | Noticed a black bear
  2896 | D:4      | Killed a black bear
  2897 | D:4      | Reached skill level 6 in Fighting
  2897 | D:4      | Reached skill level 1 in Throwing
  2897 | D:4      | Reached XP level 7. HP: 75/75 MP: 4/7
  2979 | D:4      | Found a stormy altar of Qazlal.
  3147 | D:4      | Found a runed translucent door.
  3148 | D:4      | Noticed Crazy Yiuf
  3162 | D:4      | Killed Crazy Yiuf
  3240 | D:5      | Entered Level 5 of the Dungeon
  3284 | D:5      | Noticed Prince Ribbit
  3300 | D:5      | Killed Prince Ribbit
  3583 | D:5      | Mangled by an ogre

Illustrated notes

Levels and vault maps discovered:
D:1:      lemuel_arrival_hallway, layout_basic
D:2:      layout_loops_ring, minmay_heptomino_o4
D:3:      layout_loops_corners, mainiacjoe_overflow_catch_the_wave,
          mainiacjoe_overflow_cross_hatched, uniq_jessica
D:4:      layout_rooms, nicolae_qazlal_eye_of_the_storm, uniq_crazy_yiuf_cottage
D:5:      layout_basic, chequers_mini_garden, minmay_stone_trees_small,
          uniq_eustachio, uniq_prince_ribbit1

Skill      XL: |  1  2  3  4  5  6  7 |
---------------+----------------------+-----
Dodging        | 3 |  3.8
Long Blades    | 1 2 3 |  3.9
Fighting       | 5 6 |  6.4
Ranged Weapons | 1 |  1.9
Throwing       | 1 2 |  2.0
Stealth        | 2 |  2.0
Polearms       | |  3.4
Invocations    | |  0.3

Action                     |  1- 3 |  4- 6 |  7- 9 || total
---------------------------+-------+-------+-------++-------
  Melee: Spear             |    53 |       |       ||    53
         Falchion          |    34 |    78 |    38 ||   150
         Punch             |     1 |       |       ||     1
   Fire: Sling             |    41 |     4 |       ||    45
  Throw: Dart              |       |    19 |    11 ||    30
         Throwing net      |       |     2 |       ||     2
         Stone             |       |     1 |     2 ||     3
 Invoke: Wall of Briars    |       |     3 |     1 ||     4
    Use: Scroll            |     1 |     4 |     1 ||     6
         Potion            |       |     2 |       ||     2
   Stab: Sleeping          |     2 |     2 |       ||     4
 Armour: Robe              |    27 |    27 |     3 ||    57
  Dodge: Dodged            |    52 |    48 |    14 ||   114
  Block: Other             |       |       |     6 ||     6

Table legend: (Time is in decaauts)
 A = Elapsed time spent in this place.
 B = Non-inter-level travel time spent in this place.
 C = Inter-level travel time spent in this place.
 D = Time resting spent in this place.
 E = Time spent auto-exploring this place.
 F = Levels seen in this place.
 G = Mean time per level.
                   A        B        C        D        E       F      G
               +--------+--------+--------+--------+--------+-----+--------+
         Total |   3624 |   3481 |    143 |    253 |   2460 |   5 |  724.8 |
       Dungeon |   3624 |   3481 |    143 |    253 |   2460 |   5 |  724.8 |
               +--------+--------+--------+--------+--------+-----+--------+

Top non-repeatable levels by time:
     D:3: 1222 daAuts
     D:1: 779 daAuts
     D:2: 652 daAuts
     D:4: 625 daAuts
     D:5: 345 daAuts
